 Dungeon Crawl Stone Soup version 0.25-a0-426-g7d9e569eea (webtiles) character file.

Game seed: 5550401389829450641, levelgen mode: deterministic

721 OlSheep the Purveyor of Pain (level 7, -11/36 HPs)
             Began as a Deep Elf Necromancer on Jan 24, 2020.
             Was an Initiate of Kikubaaqudgha.
             Mangled by Duvessa
             ... wielding a cursed +0 short sword
              (12 damage)
             ... on level 6 of the Dungeon on Jan 25, 2020.
             The game lasted 00:45:15 (6895 turns).

OlSheep the Purveyor of Pain (Deep Elf Necromancer) Turns: 6895, Time: 00:45:16

Health: -11/36     AC:  2    Str:  5    XL:     7   Next: 43%
Magic:  1/19       EV: 13    Int: 22    God:    Kikubaaqudgha [......]
Gold:   284        SH:  0    Dex: 15    Spells: 1/20 levels left

rFire    . . .     SeeInvis .   j - +1 short sword (venom)
rCold    . . .     Gourm    .   (no shield)
rNeg     . . .     Faith    .   a - +0 robe
rPois    .         Spirit   .   (no helmet)
rElec    .         Reflect  .   (no cloak)
rCorr    .         Harm     .   (no gloves)
MR       .....                  (no boots)
Stlth    ++........             (no amulet)
HPRegen  0.12/turn              (no ring)
MPRegen  0.16/turn              (no ring)

@: hasted, very quick
A: no striking features
a: Renounce Religion


You were on level 6 of the Dungeon.
You worshipped Kikubaaqudgha.
Kikubaaqudgha was noncommittal.
You were not hungry.

You visited 2 branches of the dungeon, and saw 8 of its levels.

You collected 284 gold pieces.

Inventory:

Hand Weapons
 j - a +1 short sword of venom (weapon)
 k - a +0 hunting sling
 v - a +2 scythe of venom
 B - a +2 vampiric hand axe
Missiles
 b - 37 sling bullets
 l - 179 stones (quivered)
 w - 47 arrows
Armour
 a - a +0 robe (worn)
Wands
 y - a wand of paralysis (19)
Scrolls
 d - 7 scrolls of teleportation
 h - a scroll of identify
 i - a scroll of remove curse {unknown}
 m - 3 scrolls of immolation
 n - a scroll of random uselessness {unknown}
 o - a scroll of fog
 p - a scroll of enchant weapon {unknown}
 q - 3 scrolls of magic mapping
 r - a scroll of enchant armour {unknown}
 C - a scroll of amnesia {unknown}
Potions
 e - a potion of curing
 f - a potion of lignification
 g - a potion of brilliance
 s - a potion of magic
 t - 3 potions of berserk rage
 u - a potion of might
 x - a potion of mutation
 A - a potion of flight {unknown}
Comestibles
 c - 7 rations


   Skills:
 + Level 0.7 Short Blades
 + Level 2.6 Dodging
 + Level 3.6 Stealth
 + Level 7.2 Spellcasting
 + Level 7.7 Necromancy
 + Level 3.2 Transmutations


You had one spell level left.
You knew the following spells:

 Your Spells              Type           Power        Failure   Level  Hunger
a - Pain                  Necr           ####         1%          1    None
b - Animate Skeleton      Necr           N/A          1%          1    None
c - Vampiric Draining     Necr           #####.....   1%          3    None
d - Animate Dead          Necr           N/A          3%          4    ###....
e - Sticks to Snakes      Tmut           ###.....     3%          2    None
f - Spider Form           Tmut/Pois      ###.......   12%         3    None
g - Agony                 Necr           #####...     10%         5    #####..

Your spell library contained the following spells:

 Spells                   Type           Power        Failure   Level  Hunger
 Beastly Appendage        Tmut           ###...       1%          1    None
 Ice Form                 Ice/Tmut       ###.....     38%         4    ###....
 Blade Hands              Tmut           ###.......   50%         5    #####..


Dungeon Overview and Level Annotations

Branches:
Dungeon (7/15)             Temple (1/1) D:5

Altars:
Ashenzari
Cheibriados
Elyvilon
Hepliaklqana
Kikubaaqudgha
Makhleb
Nemelex Xobeh
Okawaru
Qazlal
Ru
Sif Muna
Trog
Uskayaw
Vehumet
Wu Jian
Xom
Yredelemnul
Zin
The Shining One

Annotations:
D:3 1 runed translucent door
D:5 exclusion: sky beast, Prince Ribbit
D:6 Duvessa


Message History

Duvessa hits you with a cursed +0 short sword!
* * * LOW HITPOINT WARNING * * *
Dowan points at you and mumbles some strange words.
The puff of frost misses you.
Casting: Vampiric Draining (safe; 1% risk of failure)
Confirm with . or Enter, or press ? or * to list all spells.
Aiming: Vampiric Draining (safe; 1% risk of failure)
Press: ? - help, Shift-Dir - straight line, f/p - Dowan
Aim: Dowan, wielding a +0 dagger and wearing a +0 robe (almost dead, fast)
You kill Dowan!
Kikubaaqudgha accepts your kill.
Duvessa weeps, then rights herself and shakes her weapon.
Duvessa goes berserk!
You feel life coursing into your body.
Duvessa hits you with a cursed +0 short sword.
* * * LOW HITPOINT WARNING * * *
Duvessa rages.
You feel yourself speed up.
Duvessa hits you with a cursed +0 short sword!
You die...
Kikubaaqudgha rasps: "You have failed me!
Welcome... death!"

#.# #+# #.# #.# #[#
#.# #.# #.# #.# #.#
####.#### #.# ##.##
#.......# #.#
#...####.......####.#
#...)..#.#..........#
#...##e#.##..#.######
######@#.###.#.#
#.........#
###########


You could see Duvessa (berserk).

Vanquished Creatures
  Sigmund (D:2)
  A necrophage (D:5)
  Dowan (D:6)
  A scorpion (D:4)
  2 crimson imps
  A hound (D:6)
  An orc wizard (D:6)
  A worker ant (D:6)
  3 gnolls (D:5)
  8 adders
  An adder zombie (D:5)
  2 leopard geckos (D:1)
  9 orcs
  5 giant cockroaches
  3 goblins
  8 hobgoblins
  7 jackals
  11 kobolds
  3 quokkas
  3 ball pythons
  12 bats
  3 frilled lizards
  7 rats
94 creatures vanquished.

Vanquished Creatures (collateral kills)
  A centaur (D:6)
  A bullfrog (D:6)
  A crimson imp (D:5)
  A centaur skeleton (D:6)
  A worker ant zombie (D:5)
  2 shadow imps
  A dart slug (D:2)
  A ball python (D:2)
  A goblin (D:2)
  2 hobgoblins
  A jackal (D:3)
  A kobold (D:2)
  2 frilled lizards (D:2)
  A leopard gecko zombie (D:6)
  A rat (D:2)
18 creatures vanquished.

Grand Total: 112 creatures vanquished

Notes
Turn   | Place    | Note
-------+----------+-------------------------------------------
     0 | D:1      | OlSheep the Deep Elf Necromancer began the quest for the
                  | Orb.
     0 | D:1      | Reached XP level 1. HP: 10/10 MP: 6/6
     2 | D:1      | Learned a level 1 spell: Animate Skeleton
    94 | D:1      | Reached skill level 5 in Necromancy
   361 | D:1      | Reached XP level 2. HP: 13/15 MP: 5/8
  1495 | D:2      | Reached XP level 3. HP: 5/19 MP: 5/10
  1511 | D:2      | Learned a level 3 spell: Vampiric Draining
  1804 | D:2      | Found a sacrificial altar of Ru.
  1980 | D:2      | Reached XP level 4. HP: 15/24 MP: 8/12
  2003 | D:2      | Learned a level 4 spell: Animate Dead
  2071 | D:2      | Found a shattered altar of Ashenzari.
  2114 | D:2      | Noticed Sigmund
  2518 | D:3      | Found a glowing silver altar of Zin.
  2518 | D:3      | Found a runed translucent door.
  2518 | D:3      | Noticed an angel
  2859 | D:3      | Reached XP level 5. HP: 25/28 MP: 9/14
  2900 | D:3      | You fall into a shaft and drop 1 floor!
  3469 | D:4      | Found a radiant altar of Vehumet.
  3469 | D:4      | Found a shimmering blue altar of Sif Muna.
  3470 | D:4      | Found a glowing golden altar of the Shining One.
  3549 | D:3      | Reached skill level 5 in Spellcasting
  3629 | D:3      | Learned a level 2 spell: Sticks to Snakes
  3633 | D:3      | Learned a level 3 spell: Spider Form
  3918 | D:2      | Killed Sigmund
  3918 | D:2      | Reached skill level 1 in Transmutations
  4427 | D:5      | Entered Level 5 of the Dungeon
  4427 | D:5      | Noticed a sky beast
  4499 | D:4      | Reached XP level 6. HP: 28/32 MP: 7/16
  4748 | D:5      | Found a staircase to the Ecumenical Temple.
  4794 | Temple   | Entered the Ecumenical Temple
  5049 | Temple   | Became a worshipper of Kikubaaqudgha
  5126 | D:5      | Noticed a +0 dagger
  5126 | D:5      | Noticed a +0 hand axe
  5127 | D:5      | Found a hide-covered altar of Uskayaw.
  5749 | D:5      | Noticed Prince Ribbit
  5900 | D:6      | Reached XP level 7. HP: 8/36 MP: 0/19
  6030 | D:6      | Learned a level 5 spell: Agony
  6621 | D:6      | Noticed Duvessa
  6857 | D:6      | Noticed Dowan
  6892 | D:6      | Killed Dowan
  6893 | D:6      | HP: 1/36 [Duvessa/cursed +0 short sword (4)]
  6895 | D:6      | Mangled by Duvessa

Levels and vault maps discovered:
D:1:      wander_arrival_chamber, layout_basic
D:2:      layout_rooms, lemuel_crystal_altar,
          nicolae_ru_great_annihilating_truth, uniq_sigmund
D:3:      layout_basic, glass_columns_c, lemuel_angel_altar
D:4:      layout_layer_cave, gammafunk_temple_overflow_claw, first_ration
D:5:      layout_loops_ring, kennysheep_mini, dancing_weapons_uskayaw,
          minmay_temple_entry_statues_fountains, uniq_prince_ribbit1
D:6:      layout_loops_corners, serial_shops, nicolae_shop_overgrown_old_shop,
          uniq_duvessa
D:7:      layout_basic, uniq_harold
Temple:   oiseaux_autumnal_temple

Skill      XL: |  1  2  3  4  5  6  7 |
---------------+----------------------+-----
Necromancy     | 5 6 7 |  7.7
Spellcasting   | 4 5 7 |  7.2
Transmutations | 1 2 3 |  3.2
Stealth        | 3 |  3.6
Short Blades   | |  0.7
Dodging        | |  2.6

Action                   |  1- 3 |  4- 6 |  7- 9 || total
-------------------------+-------+-------+-------++-------
Melee: Unarmed           |     1 |       |       ||     1
       Short sword       |       |    42 |     3 ||    45
 Cast: Pain              |    66 |    70 |    25 ||   161
       Animate Skeleton  |    19 |     5 |       ||    24
       Animate Dead      |       |    12 |     3 ||    15
       Sticks to Snakes  |       |    36 |    20 ||    56
       Vampiric Draining |       |     6 |     8 ||    14
       Agony             |       |       |     1 ||     1
  Use: Potion            |     3 |       |     1 ||     4
       Scroll            |       |    10 |     1 ||    11
 Stab: Distracted        |       |     2 |       ||     2
  Eat: Chunk             |     3 |    10 |     4 ||    17
       Ration            |       |     1 |       ||     1
Armor: Robe              |     1 |     9 |     1 ||    11
Dodge: Dodged            |    17 |    46 |    29 ||    92

Table legend:
 A = Non-vault XP
 B = Vault XP
 C = Vault XP percentage of total XP
 D = Non-vault monster count
 E = Vault monster count
 F = Vault count percentage of total count
                 A         B        C        D         E       F
            +---------+---------+-------+---------+---------+-------
      Total |     843 |     188 |  18.2 |     106 |       6 |   5.4
            +---------+---------+-------+---------+---------+-------
        D:1 |      36 |       0 |   0.0 |      24 |       0 |   0.0
        D:2 |      82 |     116 |  58.6 |      29 |       5 |  14.7
        D:3 |      93 |       0 |   0.0 |      22 |       0 |   0.0
        D:4 |     104 |       0 |   0.0 |       3 |       0 |   0.0
        D:5 |     207 |       0 |   0.0 |      12 |       0 |   0.0
        D:6 |     321 |      72 |  18.3 |      16 |       1 |   5.9
            +---------+---------+-------+---------+---------+-------
